 Dungeon Crawl Stone Soup version 0.31-a0-210-gccc998df9b (webtiles) character file.

Game seed: 3063896935527691431

205 qw the Chopper (level 5, -1/32 HPs)
             Began as a Gargoyle Fighter on June 30, 2023.
             Slain by Edmund
             ... wielding a +3 dire flail of holy wrath
              (3 damage)
             ... on level 6 of the Dungeon.
             The game lasted 00:00:56 (2064 turns).

qw the Chopper (Gargoyle Fighter)                   Turns: 2064, Time: 00:00:57

Health: -1/32      AC: 10    Str: 20 (21) XL:     5   Next: 83%
Magic:  5/5        EV:  9    Int:  9      God:
Gold:   154        SH:  4    Dex:  9      Spells: 4/4 levels left

rFire   . . .        Y - +0 war axe
rCold   . . .        c - +0 buckler
rNeg    + . .        b - +0 scale mail
rPois   inf          (no helmet)
rElec   +            (no cloak)
rCorr   .            (no gloves)
SInv    .            (no boots)
Will    .....        (no amulet) Stlth
                     (no ring)
HPRegen 0.25/turn    (no ring)
MPRegen 0.09/turn

%: no passive effects
@: no status effects
A: sickness immunity, AC +4, negative energy resistance 1, electricity
resistance, torment resistance 1, petrification resistance
a: no special abilities


You were on level 6 of the Dungeon.
You visited 1 branch of the dungeon, and saw 4 of its levels.

You collected 154 gold pieces.


Innate Abilities, Weirdness & Mutations

You are immune to sickness and miasma.
Your stone body is resilient. (AC +4)
You are immune to poison.
You resist negative energy. (rN+)
You are resistant to electric shocks. (rElec)
You are resistant to unholy torment.
You are immune to petrification.


   Skills:
 + Level 3.2 Fighting
 - Level 5.3 Axes
 - Level 3.2 Armour
 - Level 3.2 Shields


You had 4 spell levels left.
You didn't know any spells.
Your spell library was empty.

Inventory:

Hand Weapons
 k - a +0 flail
 Y - a +0 war axe (weapon)
Armour
 b - a +0 scale mail (worn)
 c - a +0 buckler (worn)
Wands
 m - a wand of digging (5)
Scrolls
 a - a scroll of identify
Potions
 d - a potion of might
 e - a potion of cancellation
 f - a potion of enlightenment
 g - a potion of haste {unknown}
 i - a potion of curing
 j - a potion of magic {unknown}

Dungeon Overview and Level Annotations

Branches:
Dungeon (6/15)
 Temple: D:4-7

Altars:

Annotations:
D:1 1 transporter
D:6 Edmund


Message History

You start resting.
An iguana is nearby!
1987 ||| Stepping ~*~*~tactically~*~*~ (stealth).
You start resting.
An iguana is nearby!
1990 ||| Stepping ~*~*~tactically~*~*~ (stealth).
You start resting.
You hear the brisk hiss of an avalanche of sand nearby.
HP restored.
Things that are here:
a +2 hand axe; a +0 robe Edmund the Younger comes into view.
He is wielding a +3 dire flail of holy wrath.
Edmund shouts!
Enter note: You barely miss Edmund.
Edmund hits you with a +3 dire flail of holy wrath!
Ouch! That really hurt!
You barely miss Edmund. Edmund misses you. Edmund barely misses you.
You slash Edmund!
Edmund is lightly wounded.
Edmund barely misses you.
You closely miss Edmund.
Edmund is lightly wounded.
You block Edmund's attack.
You hit Edmund.
Edmund is moderately wounded.
Edmund hits you with a +3 dire flail of holy wrath.
You barely miss Edmund.
Edmund is moderately wounded.
Edmund hits you with a +3 dire flail of holy wrath.
Edmund says, "A flail is better than a scythe, any day of the week!"
Edmund hits you with a +3 dire flail of holy wrath!
You slash Edmund!
Edmund is heavily wounded.
You hear the brisk hiss of an avalanche of sand nearby.
Edmund drinks a potion.
Edmund is healed!
You hit Edmund but do no damage.
Edmund hits you with a +3 dire flail of holy wrath.
You die...

#.# ## #.# ..
#.# .# #.# .#
## #.# .# #.#
#.##.####.#
#.##.#@.......
#..).@..$....
#.##.#..##....
#.###.#..## .
#.....#....
#.###.#.##...
#.# #.%.......
#.###.#.......
#....##.......
#.#.l###.....


You could see Edmund.

Vanquished Creatures
  A bullfrog (D:6)
  A wight (D:6)
  A hound (D:6)
  3 adders
  3 orcs (D:3)
  5 ball pythons
  3 endoplasms
  2 giant cockroaches
  3 goblins
  A hobgoblin (D:2)
  3 jackals (D:1)
  2 quokkas
  4 bats
  2 frilled lizards
  2 kobolds
  3 rats (D:1)
39 creatures vanquished.

Notes
Turn   | Place    | Note
-------+----------+-------------------------------------------
     0 | D:1      | qw the Gargoyle Fighter began the quest for the Orb.
     0 | D:1      | Reached XP level 1. HP: 14/14 MP: 1/1
     0 | D:1      | 0 ||| qw: Version: 0.3-a-26-gee661ec
     0 | D:1      | 0 ||| qw: Game counter: 7216
     0 | D:1      | 0 ||| qw: Melee chars always use a shield: true
     0 | D:1      | 0 ||| qw: God list: Okawaru
     0 | D:1      | 0 ||| qw: Allow faded altars: false
     0 | D:1      | 0 ||| qw: Do Orc after clearing Dungeon:15 true
     0 | D:1      | 0 ||| qw: Do second Lair branch before Depths: true
     0 | D:1      | 0 ||| qw: Lair rune preference: random
     0 | D:1      | 0 ||| qw: Goals: Normal, Zot:1-4, Slime:5, God:TSO, Crypt,
                  | Tomb, Abyss, Pan, Hells, Win
     0 | D:1      | 0 ||| PLANNING D:1-11
   141 | D:1      | Reached skill level 2 in Axes
   157 | D:1      | Found a faded altar of an unknown god.
   166 | D:1      | 166 ||| Stepping ~*~*~tactically~*~*~ (stealth).
   167 | D:1      | 167 ||| Stepping ~*~*~tactically~*~*~ (stealth).
   188 | D:1      | Reached XP level 2. HP: 19/19 MP: 2/2
   602 | D:1      | 602 ||| READING 2 scrolls labelled VUJ VUEVAN MEO.
   603 | D:1      | 603 ||| DRINKING 2 lumpy grey potions.
   604 | D:1      | 604 ||| DROPPING potion of degeneration.
   646 | D:2      | 646 ||| READING scroll labelled ECYLOGEIVU.
   647 | D:2      | 647 ||| READING 2 scrolls of identify.
   647 | D:2      | 647 ||| IDENTIFYING brown potion
   738 | D:2      | Reached skill level 3 in Axes
   752 | D:2      | Reached XP level 3. HP: 22/23 MP: 3/3
  1062 | D:2      | 1062 ||| READING scroll labelled LUCIRGH VYUPH.
  1063 | D:2      | 1063 ||| READING scroll labelled QYSACWA IKHLOL.
  1187 | D:2      | 1187 ||| Stepping ~*~*~tactically~*~*~ (stealth).
  1188 | D:2      | 1188 ||| Stepping ~*~*~tactically~*~*~ (stealth).
  1190 | D:2      | 1190 ||| Stepping ~*~*~tactically~*~*~ (stealth).
  1582 | D:2      | 1582 ||| READING scroll labelled ZUULEMEVAU.
  1583 | D:2      | 1583 ||| READING scroll labelled ECVULO RICIHA.
  1584 | D:2      | 1584 ||| DRINKING 2 purple potions.
  1585 | D:2      | 1585 ||| READING 2 scrolls of identify.
  1585 | D:2      | 1585 ||| IDENTIFYING lumpy cyan potion
  1685 | D:3      | 1685 ||| DROPPING +0 club.
  1768 | D:3      | You fall into a shaft and drop 3 floors!
  1797 | D:6      | 1797 ||| PLANNING OSSUARY
  1808 | D:6      | Reached skill level 4 in Axes
  1808 | D:6      | Reached XP level 4. HP: 19/28 MP: 4/4
  1876 | D:6      | Noticed a bullfrog
  1886 | D:6      | Killed a bullfrog
  1887 | D:6      | Reached XP level 5. HP: 11/32 MP: 5/5
  1895 | D:6      | 1895 ||| Stepping ~*~*~tactically~*~*~ (stealth).
  1899 | D:6      | 1899 ||| Stepping ~*~*~tactically~*~*~ (stealth).
  1902 | D:6      | 1902 ||| Stepping ~*~*~tactically~*~*~ (stealth).
  1984 | D:6      | Reached skill level 5 in Axes
  1987 | D:6      | 1987 ||| Stepping ~*~*~tactically~*~*~ (stealth).
  1990 | D:6      | 1990 ||| Stepping ~*~*~tactically~*~*~ (stealth).
  2052 | D:6      | Noticed Edmund
  2062 | D:6      | HP: 2/32 [Edmund/+3 dire flail of holy wrath (8)]
  2064 | D:6      | Slain by Edmund

Levels and vault maps discovered:
D:1:      spicycebolla_arrival_risky_transporter, layout_loops_ring,
          basic_ecumenical_altar
D:2:      kennysheep_big_flooded_room, layout_basic, serial_co_window_serial,
          co_window_of_opportunity_a, co_window_paths_a, co_window_paths_a,
          co_window_corner_a, co_window_paths_b, co_window_unsneaky_path_d,
          co_window_cross_3, co_window_broadway_c, co_window_2corner,
          co_window_paths_c, co_window_broadway_b, co_window_paths_c,
          co_window_paths_e, glass_columns_b, corexii_leaking_fountain
D:3:      minmay_thinvault, layout_basic, mainiacjoe_overflow_boulevard,
          kennysheep_big_empty_room, minivault_4
D:6:      layout_loops_ring, nicolae_ossuary_entry_ruins, uniq_edmund

Skill      XL: |  1  2  3  4  5 |
---------------+----------------+-----
Axes           | 2 3 4 5 |  5.3
Fighting       | |  3.2
Armour         | |  3.2
Shields        | |  3.2

Action                     |  1- 3 |  4- 6 || total
---------------------------+-------+-------++-------
  Melee: War axe           |   118 |    26 ||   144
    Use: Scroll            |     8 |       ||     8
         Potion            |     2 |       ||     2
 Armour: Scale mail        |    63 |     4 ||    67
  Dodge: Dodged            |    66 |    12 ||    78
  Block: Buckler           |    27 |     4 ||    31

Table legend:
 A = Non-vault XP
 B = Vault XP
 C = Vault XP percentage of total XP
 D = Non-vault monster count
 E = Vault monster count
 F = Vault count percentage of total count
                 A         B        C        D         E       F
            +---------+---------+-------+---------+---------+-------
      Total |     290 |       4 |   1.4 |      37 |       2 |   5.1
            +---------+---------+-------+---------+---------+-------
        D:1 |      22 |       0 |   0.0 |      15 |       0 |   0.0
        D:2 |      32 |       4 |  11.1 |      12 |       2 |  14.3
        D:3 |      13 |       0 |   0.0 |       5 |       0 |   0.0
        D:6 |     223 |       0 |   0.0 |       5 |       0 |   0.0
            +---------+---------+-------+---------+---------+-------
